 Dungeon Crawl Stone Soup version 0.30.1-11-g7821555f0a (webtiles) character file.

Game seed: 12131675938832154793

7 Chiseanne the Sneak (level 1, -1/15 HPs)
             Began as a Demonspawn Wanderer on Nov 6, 2023.
             Slain by an endoplasm (3 damage)
             ... on level 1 of the Dungeon.
             The game lasted 00:00:32 (136 turns).

Chiseanne the Sneak (Demonspawn Wanderer)            Turns: 136, Time: 00:00:32

Health: -1/15      AC:  5    Str: 13    XL:     1   Next: 83%
Magic:  2/2        EV: 10    Int: 11    God:
Gold:   0          SH:  0    Dex: 13    Spells: 2/2 levels left

rFire   . . .        a - +0 dagger
rCold   . . .        (no shield)
rNeg    . . .        g - +0 ring mail
rPois   .            (no helmet)
rElec   .            (no cloak)
rCorr   .            (no gloves)
SInv    .            (no boots)
Will    .....        (no amulet)
Stlth   ++           (no ring)
HPRegen 0.22/turn    (no ring)
MPRegen 0.08/turn

%: no passive effects
@: no status effects
A: no striking features
a: no special abilities


You were on level 1 of the Dungeon.
You visited 1 branch of the dungeon, and saw 1 of its levels.

Inventory:

Hand Weapons
 a - a +0 dagger (weapon)
Missiles
 b - 2 atropa-tipped darts (quivered)
 c - a datura-tipped dart
Armour
 g - a +0 ring mail (worn)
Wands
 d - a wand of flame (5)
Scrolls
 f - a scroll of enchant weapon {unknown}
 i - a scroll of teleportation {unknown}
 j - a scroll of poison {unknown}
Potions
 e - a potion of haste
 h - a potion of invisibility {unknown}


   Skills:
 * Level 1.3 Fighting
 * Level 0.5 Armour
 * Level 0.5 Dodging
 - Level 4.5 Stealth
 - Level 1.0 Spellcasting
 - Level 1.7 Translocations
 - Level 1.0 Evocations


You had 2 spell levels left.
You didn't know any spells.
Your spell library contained the following spells:

 Spells                   Type           Power      Damage    Failure   Level
 Blink                    Tloc           8%         N/A       45%         2
 Summon Small Mammal      Summ           0%         N/A       56%         1
 Momentum Strike          Conj/Tloc      4%         3d8       58%         2
 Call Canine Familiar     Summ           0%         N/A       90%         3
 Summon Guardian Golem    Hex/Summ       0%         N/A       90%         3


Dungeon Overview and Level Annotations

Branches:
Dungeon (1/15)

Altars:


Message History

A kobold comes into view. It is wielding a +0 dagger.
The kobold shouts!
You see here a quokka corpse.
An endoplasm comes into view.
Found a falchion.
The endoplasm quivers.
You barely miss the kobold. The kobold hits you but does no damage.
You hit the kobold but do no damage.
An endoplasm comes into view.
The kobold hits you but does no damage.
You closely miss the kobold. The kobold hits you with a +0 dagger.
The kobold attacks as you move away! The kobold misses you.
You hit the kobold.
You kill the kobold!
The endoplasm freezes you.
You are frozen.
Things that are here:
a +0 dagger; a kobold corpse You hit the endoplasm but do no damage.
The endoplasm freezes you.
You are frozen.
You hit the endoplasm.
The endoplasm is heavily wounded.
The endoplasm freezes you.
You are frozen.
You hit the endoplasm.
The endoplasm is severely wounded.
The endoplasm closely misses you.
You hit the endoplasm but do no damage.
The endoplasm is severely wounded.
The endoplasm freezes you.
You are frozen.
* * * LOW HITPOINT WARNING * * *
You hit the endoplasm but do no damage.
The endoplasm is severely wounded.
The endoplasm misses you.
You barely miss the endoplasm.
The endoplasm is severely wounded.
The endoplasm hits you.
You die...

#....##..# #..#
..........
...#. #........
#..#.###
#..J##.#.
#......#
#.......) #..#
#.#####....#
#..#
#.....†.#..#
#..###.######.#
#..........@JJ#
#.###########.#
#.# #...
#.##### #.#.#
#.....# #....#
#####.# ### .#
#.# . #.# ##
#.#


You could see 2 endoplasms.

Vanquished Creatures
  3 endoplasms (D:1)
  A kobold (D:1)
  A quokka (D:1)
5 creatures vanquished.

Notes
Turn   | Place    | Note
-------+----------+-------------------------------------------
     0 | D:1      | Chiseanne the Demonspawn Wanderer began the quest for the
                  | Orb.
     0 | D:1      | Chiseanne set off with the following items: a +0 dagger, 2
                  | atropa-tipped darts, a datura-tipped dart, a wand of flame
                  | (5), a potion of haste, a +0 leather armour; and the
                  | following spells available to memorise: Blink, Momentum
                  | Strike.
     0 | D:1      | Reached XP level 1. HP: 15/15 MP: 2/2
   136 | D:1      | Slain by an endoplasm

Illustrated notes

Levels and vault maps discovered:
D:1:      enne_arrival_octagon_isle, layout_loops_ring,
          hellmonk_ecumenical_altar_crossroads, serial_shops,
          nicolae_shop_industrial_runoff, st_stairs_12, columned_hall_lemuel

Action                     || total
---------------------------++-------
  Melee: Dagger            ||    30
   Stab: Sleeping          ||     1
 Armour: Ring mail         ||     7
  Dodge: Dodged            ||    12
